 Dungeon Crawl Stone Soup version 0.28-a0-578-g717728bcc0 (webtiles) character file.

Game seed: 15766474511697697086

234 Conn the Firebug (level 6, -2/37 HPs)
             Began as an Octopode Fire Elementalist on Oct 2, 2021.
             Killed from afar by an orc wizard (6 damage)
             ... with a magic dart
             ... on level 3 of the Dungeon.
             The game lasted 00:08:20 (3683 turns).

Conn the Firebug (Octopode Fire Elementalist)       Turns: 3683, Time: 00:08:21

Health: -2/37      AC:  1    Str:  7    XL:     6   Next: 5%
Magic:  0/11       EV: 13    Int: 20    God:
Gold:   97         SH:  0    Dex: 12    Spells: 2/11 levels left

rFire   . . .      SeeInvis .   f - +2 dagger (venom)
rCold   . . .      Faith    .   (no shield)
rNeg    . . .      Spirit   .   (helmet restricted)
rPois   .          Reflect  .   (no amulet)
rElec   .          Harm     .   (no ring)
rCorr   .          Rampage  .   (no ring)
Will    .....                   (no ring)
Stlth   +++.......              (no ring)
HPRegen 0.12/turn               (no ring)
MPRegen 0.12/turn               (no ring)
                                (no ring)
                                (no ring)

@: mighty
A: almost no armour, amphibious, 8 rings, camouflage 1, gelatinous body 1,
(nimble swimmer 1), tentacles
a: no special abilities


You were on level 3 of the Dungeon.
You visited 1 branch of the dungeon, and saw 3 of its levels.
You also visited: Sewer.

You collected 97 gold pieces.

Inventory:

Hand Weapons
 c - a +0 dagger
 f - a +2 dagger of venom (weapon)
Armour
 a - a +2 kite shield of protection
Scrolls
 g - a scroll of identify {unknown}
 i - a scroll of fog
 l - a scroll of teleportation {unknown}
 m - a scroll of fear {unknown}
Potions
 d - a potion of degeneration {unknown}
 e - a potion of might
 h - a potion of haste {unknown}
 j - a potion of heal wounds {unknown}
 k - a potion of magic {unknown}


   Skills:
 + Level 0.5 Fighting
 + Level 2.4 Dodging
 + Level 3.9 Stealth
 - Level 0.1 Unarmed Combat
 + Level 3.3 Spellcasting
 + Level 2.6 Conjurations
 * Level 0.4 Translocations
 + Level 4.2 Fire Magic


You had 2 spell levels left.
You knew the following spells:

 Your Spells              Type           Power      Damage    Failure   Level
a - Foxfire               Conj/Fire      68%        2x1d7     3%          1
b - Conjure Flame         Conj/Fire      17%        6-21      10%         3
c - Inner Flame           Hex/Fire       11%        N/A       17%         3
f - Blink                 Tloc           N/A        N/A       19%         2

Your spell library contained the following spells:

 Spells                   Type           Power      Damage    Failure   Level
 Scorch                   Fire           40%        2d7       3%          2
 Shock                    Conj/Air       32%        1d5       9%          1
 Apportation              Tloc           8%         N/A       12%         1
 Flame Wave               Conj/Fire      17%        3d5       32%         4
 Iskenderun's Battlesphe  Conj           13%        2d7       78%         5
 Lightning Bolt           Conj/Air       4%         1d15      92%         5
 Dispersal                Tloc           2%         N/A       100%        6
 Malign Gateway           Summ/Tloc      2%         N/A       100%        7
 Orb of Destruction       Conj           6%         9d3       100%        7


Dungeon Overview and Level Annotations

Branches:
Dungeon (3/15)              Sewer (visited)

Altars:

Shops:
D:2 (


Innate Abilities, Weirdness & Mutations

You cannot wear most types of armour.
You are amphibious.
You can wear up to eight rings at the same time.
Your skin changes colour to match your surroundings (Stealth+).
Your rubbery body absorbs attacks. (AC +1, EV +1)
((You are camouflaged near water. (Stealth+)))
You have tentacles for arms and can constrict up to eight enemies at once.


Message History

You hear some strange, mumbled words.
Something tries to affect you, but you resist.
Something hits you.
* * * LOW HITPOINT WARNING * * *
You see here a +0 flail.
You feel better. Something hits you.
Unknown command.
Unknown command.
Unknown command.
Casting: Foxfire (safe; 3% risk of failure)
Confirm with . or Enter, or press ? or * to list all spells.
Okay, then.
Unknown command.
Unknown command.
Unknown command.
It was a potion of might.
You feel very mighty all of a sudden. Something hits you.
You barely miss something. Your squeeze misses something.
You hear some strange, mumbled words.
A magic dart appears from out of thin air!
The magic dart hits you!
* * * LOW HITPOINT WARNING * * *
You feel better. Something hits you.
* * * LOW HITPOINT WARNING * * *
You feel better.
You hear some strange, mumbled words.
A magic dart appears from out of thin air!
The magic dart hits you!
* * * LOW HITPOINT WARNING * * *
Casting: Foxfire (safe; 3% risk of failure)
Confirm with . or Enter, or press ? or * to list all spells.
You conjure some foxfire!
Something hits you.
* * * LOW HITPOINT WARNING * * *
Unknown command.
The foxfire hits something.
The foxfire hits something but does no damage.
A magic dart appears from out of thin air!
The magic dart hits you.
You die...

# #.####### >.......
.....# #.#.###########
# #........)@.§.######
#
#...#.######)).......#
# #.. #.# #.{.......#
# ... #.# #.........#
#.### #.# #..†......#
#<. #.# #.........#
#.# #.# #.........#
#.# #.# #.........#
#.# #.# #.........#


There were no monsters in sight!

Vanquished Creatures
  Purgy (Sewer)
  5 adders
  A howler monkey skeleton (D:2)
  3 dart slugs (D:1)
  4 orcs (D:3)
  5 ball pythons
  4 bats
  6 endoplasms
  5 giant cockroaches
  4 goblins
  5 hobgoblins
  6 jackals
  8 kobolds
  4 quokkas
  3 frilled lizards
  3 rats
67 creatures vanquished.

Vanquished Creatures (others)
  178 foxfires
178 creatures vanquished.

Grand Total: 245 creatures vanquished

Notes
Turn   | Place    | Note
-------+----------+-------------------------------------------
     0 | D:1      | Conn the Octopode Fire Elementalist began the quest for the
                  | Orb.
     0 | D:1      | Reached XP level 1. HP: 11/11 MP: 3/3
   194 | D:1      | Reached XP level 2. HP: 17/17 MP: 0/5
   794 | D:1      | Reached XP level 3. HP: 21/21 MP: 2/6
  1685 | D:2      | Found Norghopo's Antique Weapon Shoppe.
  1781 | D:2      | Identified a scroll of acquirement
  1781 | D:2      | Acquired a +2 kite shield of protection
  1931 | D:2      | Reached XP level 4. HP: 15/27 MP: 4/7
  2579 | D:2      | Found a faded altar of an unknown god.
  2632 | D:2      | Got the Compendium of Twisted Blows and Bruises
  3156 | D:3      | Found a glowing drain.
  3184 | Sewer    | Entered a sewer
  3334 | Sewer    | Noticed Purgy
  3341 | Sewer    | Killed Purgy
  3342 | Sewer    | Reached skill level 4 in Fire Magic
  3342 | Sewer    | Reached XP level 5. HP: 32/32 MP: 3/9
  3407 | Sewer    | Got Wiburo's Handbook of Displaced Confrontation
  3414 | Sewer    | Learned a level 3 spell: Conjure Flame
  3418 | Sewer    | Learned a level 3 spell: Inner Flame
  3421 | Sewer    | Learned a level 2 spell: Blink
  3671 | D:3      | Reached XP level 6. HP: 22/37 MP: 1/11
  3683 | D:3      | Killed from afar by an orc wizard

Illustrated notes

Levels and vault maps discovered:
D:1:      dpeg_arrival_prison, layout_basic, chequers_serial_rivers_large_b,
          minmay_door_square
D:2:      layout_basic, serial_shops, shop_fountains,
          hellmonk_ecumenical_altar_heavens_door
D:3:      layout_basic, gup_sewer_entry_glass, wad_floor_pattern_1,
          kennysheep_boxes

Skill      XL: |  1  2  3  4 |
---------------+-------------+-----
Stealth        | 3 |  3.9
Conjurations   | 2 |  2.6
Spellcasting   | 3 |  3.3
Fire Magic     | 4 |  4.2
Fighting       | |  0.5
Dodging        | |  2.4
Unarmed Combat | |  0.1
Translocations | |  0.4

Action                   |  1- 3 |  4- 6 || total
-------------------------+-------+-------++-------
Melee: Unarmed           |    37 |       ||    37
       Constrict         |    10 |     4 ||    14
       Tentacles         |     6 |     4 ||    10
       Dagger            |       |    26 ||    26
 Cast: Foxfire           |    58 |    55 ||   113
  Use: Scroll            |     4 |     1 ||     5
       Potion            |     1 |     4 ||     5
 Stab: Sleeping          |     2 |       ||     2
Armor: Skin              |     5 |     2 ||     7
Dodge: Dodged            |    31 |    21 ||    52

Table legend: (Time is in decaauts)
 A = Elapsed time spent in this place.
 B = Non-inter-level travel time spent in this place.
 C = Inter-level travel time spent in this place.
 D = Time resting spent in this place.
 E = Time spent auto-exploring this place.
 F = Levels seen in this place.
 G = Mean time per level.
                   A        B        C        D        E       F      G
               +--------+--------+--------+--------+--------+-----+--------+
         Total |   3681 |   3646 |     35 |      0 |   3025 |   4 |  920.2 |
       Dungeon |   3411 |   3376 |     35 |      0 |   2833 |   3 | 1137.0 |
         Sewer |    270 |    270 |      0 |      0 |    192 |   1 |  270.0 |
               +--------+--------+--------+--------+--------+-----+--------+

Top non-repeatable levels by time:
     D:1: 1620 daAuts
     D:2: 1491 daAuts
     D:3: 299 daAuts
   Sewer: 270 daAuts
